 Dungeon Crawl Stone Soup version 0.29.1-15-g9cfb28693d (console) character file.

Game seed: 4507127213517094729

177 erker the Shooter (level 5, -7/37 HPs)
             Began as a Formicid Arcane Marksman on Apr 15, 2023.
             Was an Initiate of Cheibriados.
             Mangled by an ogre
             ... wielding a +0 giant club
              (21 damage)
             ... on level 4 of the Dungeon.
             The game lasted 00:09:03 (3171 turns).

erker the Shooter (Formicid Arcane Marksman)        Turns: 3171, Time: 00:09:04

Health: -7/37      AC:  2    Str: 15    XL:     5   Next: 88%
Magic:  6/7        EV: 12    Int: 16    God:    Cheibriados [......]
Gold:   229        SH:  3    Dex: 15    Spells: 1/6 levels left

rFire   . . .      SeeInvis +   a - +1 sling
rCold   . . .      Faith    .   f - +0 buckler
rNeg    . . .      Spirit   .   c - +0 robe
rPois   .          Reflect  .   (helmet unavailable)
rElec   .          Harm     .   r - scarf {repulsion}
rCorr   .          Rampage  .   (no gloves)
Will    .....                   (no boots)
Stlth   +.........              g - amulet of regeneration
HPRegen 0.92/turn               (no ring)
MPRegen 0.10/turn               (no ring)

@: repel missiles, very slow
A: permanent stasis, dig shafts and tunnels, antennae 3, four strong arms
a: Dig, Shaft Self, Renounce Religion


You were on level 4 of the Dungeon.
You worshipped Cheibriados.
Cheibriados was noncommittal.
You visited 2 branches of the dungeon, and saw 5 of its levels.

You collected 229 gold pieces.

Inventory:

Hand Weapons
 a - a +1 sling (weapon)
 b - a +1 dagger of venom
Missiles
 p - 11 poisoned darts
 s - 5 curare-tipped darts
Armour
 c - a +0 robe (worn)
 f - a +0 buckler (worn)
 r - a scarf of repulsion (worn)
Jewellery
 g - an amulet of regeneration (around neck)
Wands
 l - a wand of paralysis (2)
 t - a wand of flame (13)
Scrolls
 d - 3 scrolls of identify {unknown}
 h - a scroll of fear {unknown}
 j - a scroll of summoning {unknown}
 k - a scroll of poison
 m - a scroll of torment {unknown}
 o - a scroll of immolation {unknown}
 q - a scroll of acquirement {unknown}
Potions
 e - a potion of might {unknown}
 i - a potion of lignification {unknown}
 n - a potion of haste {unknown}


   Skills:
 + Level 1.3 Fighting
 * Level 5.2 Ranged Weapons
 - Level 1.7 Dodging
 * Level 1.4 Spellcasting
 + Level 4.0 Hexes


You had one spell level left.
You knew the following spells:

 Your Spells              Type           Power      Damage    Failure   Level
a - Slow                  Hex            52%        N/A       5%          1
f - Cause Fear            Hex            6%         N/A       47%         4

Your spell library contained the following spells:

 Spells                   Type           Power      Damage    Failure   Level
 Inner Flame              Hex/Fire       7%         N/A       36%         3
 Portal Projectile        Hex/Tloc       14%        N/A       36%         3


Dungeon Overview and Level Annotations

Branches:
Dungeon (4/15)             Temple (1/1) D:4

Altars:
Cheibriados
Dithmenos
Gozag
Hepliaklqana
Makhleb
Nemelex Xobeh
Ru
Sif Muna
Trog
Uskayaw
Vehumet
Wu Jian
Xom

Annotations:
D:2 1 runed translucent door, Crazy Yiuf, Terence


Innate Abilities, Weirdness & Mutations

You cannot be hasted, slowed, berserked, paralysed or teleported.
You can dig through walls and to a lower floor.
You have a pair of large antennae on your head. (SInv)
Your four strong arms can wield two-handed weapons with a shield.


Message History

You shoot a sling bullet. The sling bullet hits the goblin.
You kill the goblin!
Cheibriados appreciates the change of pace.
No target in view!
No target in view!
t - a wand of flame (13)
You sense a monster nearby.
A hobgoblin comes into view.
You shoot a sling bullet. The sling bullet hits the hobgoblin!
You kill the hobgoblin!
Cheibriados thoroughly appreciates the change of pace.
No target in view!
No target in view!
A giant cockroach comes into view.
You shoot a sling bullet.
The sling bullet hits the giant cockroach.
The giant cockroach is lightly wounded.
The giant cockroach barely misses you.
You shoot a sling bullet.
The sling bullet hits the giant cockroach.
You kill the giant cockroach!
Cheibriados appreciates the change of pace.
No target in view!
There is a stone staircase leading down here.
You sense a monster nearby.
An ogre comes into view. It is wielding a +0 giant club.
The ogre moves out of view.
Found 10 gold pieces.
The ogre attacks as you move away!
The ogre hits you with a +0 giant club!!
Ouch! That really hurt!
Casting: Slow (safe; 5% risk of failure)
Confirm with . or Enter, or press ? or * to list all spells.
Aiming: Slow (safe; 5% risk of failure)
Press: ? - help, Shift-Dir - straight line, f - ogre
Aim: an ogre, wielding a +0 giant club (chance to affect: 51%)
The ogre resists with significant effort.
The ogre hits you with a +0 giant club!!
Ouch! That really hurt!
You die...

#.# .. # #.#.. #.. #.... #...#
###. ###.... #...# # .. ........
#...# ## #..... ########...#
#.... #........#.## #########...$
#........#.).
.............########........####
###### #....O@..##........#
#..#####.##........# #..#
#.##........# ########..#
#.##........# #......##.#
#.#######...# #......##.#
#.####)...#.# #.........###
#.##...####.###
####......##...###.#...........#
.......#..<......#....######.#.#


You could see an ogre.

Vanquished Creatures
  Jessica (D:2)
  Natasha (twice) (D:2)
  4 adders
  A worm (D:2)
  3 dart slugs
  4 orcs (D:4)
  3 endoplasms
  A giant cockroach (D:4)
  5 goblins
  6 hobgoblins
  9 kobolds
  2 quokkas (D:4)
  2 ball pythons
  7 bats
  2 frilled lizards
  4 rats
56 creatures vanquished.

Vanquished Creatures (others)
  3 fungi (D:2)
3 creatures vanquished.

Grand Total: 59 creatures vanquished

Notes
Turn   | Place    | Note
-------+----------+-------------------------------------------
     0 | D:1      | erker the Formicid Arcane Marksman began the quest for the
                  | Orb.
     0 | D:1      | Reached XP level 1. HP: 15/15 MP: 2/2
    70 | D:1      | Reached XP level 2. HP: 17/21 MP: 3/3
   651 | D:1      | Found a faded altar of an unknown god.
  1000 | D:2      | Noticed Natasha
  1008 | D:2      | Killed Natasha
  1009 | D:2      | Reached skill level 3 in Ranged Weapons
  1009 | D:2      | Reached XP level 3. HP: 18/26 MP: 4/4
  1066 | D:2      | Reached XP level 4. HP: 32/32 MP: 5/5
  1071 | D:2      | Learned a level 4 spell: Cause Fear
  1091 | D:2      | Reached skill level 4 in Ranged Weapons
  1564 | D:2      | Found a runed translucent door.
  1565 | D:2      | Noticed Crazy Yiuf
  1593 | D:2      | Noticed Terence
  1990 | D:2      | Noticed Natasha
  2002 | D:2      | Killed Natasha
  2069 | D:2      | Reached XP level 5. HP: 37/37 MP: 6/6
  2157 | D:2      | Noticed Jessica
  2166 | D:2      | Killed Jessica
  2167 | D:2      | Reached skill level 5 in Ranged Weapons
  2803 | D:4      | Found a staircase to the Ecumenical Temple.
  2811 | Temple   | Entered the Ecumenical Temple
  2988 | Temple   | Became a worshipper of Cheibriados the Contemplative
  3059 | D:4      | Found a radiant altar of Vehumet.
  3166 | D:4      | Noticed an ogre
  3171 | D:4      | Mangled by an ogre

Illustrated notes

Levels and vault maps discovered:
D:1:      evilmike_arrival_plus, layout_basic,
          ebering_ecumenical_altar_sacrificial
D:2:      layout_loops_corners, uniq_jessica, uniq_natasha,
          uniq_crazy_yiuf_cottage, uniq_terence
D:3:      layout_basic, fedhas_altar_1
D:4:      layout_basic, vehumet_altar_wand_db,
          minmay_temple_entry_gardened_gates, minmay_circle_x
Temple:   chequers_temple_sunken

Skill      XL: |  1  2  3  4  5 |
---------------+----------------+-----
Ranged Weapons | 3 4 5 |  5.2
Hexes          | 4 |  4.0
Fighting       | |  1.3
Dodging        | |  1.7
Spellcasting   | |  1.4

Action                   |  1- 3 |  4- 6 || total
-------------------------+-------+-------++-------
Melee: Dagger            |     4 |    33 ||    37
 Fire: Sling             |    45 |   145 ||   190
 Cast: Slow              |       |    18 ||    18
Armor: Robe              |     2 |    11 ||    13
Dodge: Dodged            |     5 |    55 ||    60
Block: Buckler           |       |    14 ||    14
